 Dungeon Crawl Stone Soup version 0.30-a0-511-g0d9051e15b (webtiles) character file.

Game seed: 12081925185127964083

7583 DasRunzen the Fighter (level 10, -5/91 HPs)
             Began as a Pale Draconian Gladiator on Dec 23, 2022.
             Was an Elder of Okawaru.
             Slain by a death yak (16 damage)
             ... on level 9 of the Dungeon.
             The game lasted 00:15:52 (9448 turns).

DasRunzen the Fighter (Pale Draconian Gladiator)    Turns: 9448, Time: 00:15:52

Health: -5/91      AC: 15    Str: 17    XL:     10   Next: 97%
Magic:  19/20      EV: 21    Int: 12    God:    Okawaru [****..]
Gold:   403        SH:  5    Dex: 19    Spells: 23/23 levels left

rFire   . . .      SeeInvis .    F - +4 long sword (freeze)
rCold   . . .      Faith    .    (no shield)
rNeg    . . .      Spirit   .    (body armour unavailable)
rPois   .          Reflect  +    b - +0 hat
rElec   .          Harm     .    (no cloak)
rCorr   .          Rampage  .    j - +2 pair of gloves
Will    .....                    r - +0 pair of boots
Stlth   +++.......               v - amulet of reflection
HPRegen 0.35/turn                n - +6 ring of dexterity
MPRegen 0.17/turn                h - +4 ring of protection

@: heroic
A: breathe steam, AC +7, unfitting armour, cold-blooded, steam resistance
a: Breathe Steam, Renounce Religion, Heroism, Finesse


You were on level 9 of the Dungeon.
You worshipped Okawaru.
Okawaru was greatly pleased with you.
You visited 2 branches of the dungeon, and saw 10 of its levels.
You also visited: Bailey.

You collected 403 gold pieces.

Inventory:

Hand Weapons
 F - a +4 long sword of freezing (weapon)
Missiles
 c - 4 throwing nets (quivered)
 d - 4 javelins
Armour
 b - a +0 hat (worn)
 j - a +2 pair of gloves (worn)
 r - a +0 pair of boots (worn)
Magical Staves
 a - a staff of conjuration
Jewellery
 f - an amulet of guardian spirit
 h - a +4 ring of protection (right hand)
 k - a ring of flight
 l - a ring of resist corrosion
 m - a ring of positive energy
 n - a +6 ring of dexterity (left hand)
 v - an amulet of reflection (around neck)
 x - a +4 ring of evasion
 z - a +4 ring of evasion
Wands
 q - a wand of polymorph (8)
 A - a wand of digging (6)
Scrolls
 i - 3 scrolls of blinking
 u - 3 scrolls of fog
 w - 4 scrolls of teleportation
 y - a scroll of magic mapping {unknown}
 B - a scroll of fear
Potions
 e - 3 potions of brilliance
 g - a potion of heal wounds
 o - 5 potions of attraction
 p - 3 potions of invisibility
 s - 2 potions of flight {unknown}
 t - 4 potions of might {unknown}
 C - a potion of curing
 D - a potion of haste {unknown}
 G - 3 potions of mutation {unknown}


   Skills:
 + Level 9.0(14.0) Fighting
 + Level 8.5(13.5) Long Blades
 - Level 1.7(6.7) Throwing
 + Level 7.8(12.8) Dodging
 + Level 7.2 Spellcasting
 + Level 6.3 Invocations


You had 23 spell levels left.
You didn't know any spells.
Your spell library contained the following spells:

 Spells                   Type           Power      Damage    Failure   Level
 Beastly Appendage        Tmut           8%         N/A       16%         1
 Foxfire                  Conj/Fire      16%        2x1d4     16%         1
 Blink                    Tloc           8%         N/A       24%         2
 Momentum Strike          Conj/Tloc      8%         3d8       24%         2
 Wereblood                Tmut           4%         N/A       24%         2
 Lesser Beckoning         Tloc           8%         N/A       43%         3
 Spider Form              Tmut/Pois      4%         N/A       43%         3
 Fireball                 Conj/Fire      2%         3d4       99%         5
 Starburst                Conj/Fire      2%         6d3       100%        6


Dungeon Overview and Level Annotations

Branches:
Dungeon (9/15)             Temple (1/1) D:6             Orc (0/2) D:9
 Bailey (visited)
   Lair: D:8-11

Altars:
Ashenzari
Cheibriados
Dithmenos
Elyvilon
Fedhas
Gozag
Hepliaklqana
Kikubaaqudgha
Makhleb
Nemelex Xobeh
Okawaru
Qazlal
Ru
Sif Muna
Trog
Vehumet
Wu Jian
Xom
Zin
The Shining One

Shops:
D:2 *(   D:3 *(

Annotations:
D:8 1 runed translucent door, Emberiza's ghost, novice MiBe


Innate Abilities, Weirdness & Mutations

You can breathe blasts of scalding, opaque steam.
Your pale cyan-grey scales are hard. (AC +7)
You cannot fit into any form of body armour.
You are cold-blooded and may be slowed by cold attacks.
You are immune to the effects of steam.


Message History

Things that are here:
a +0 trident; a +0 scale mail You hit the death yak but do no damage.
The death yak is moderately wounded.
The death yak closely misses you.
You barely miss the death yak.
The death yak is moderately wounded.
You block the death yak's attack.
You hit the death yak. You freeze the death yak.
The death yak is moderately wounded.
You block the death yak's attack.
You gain the combat prowess of a mighty hero.
The death yak barely misses you.
You hit the death yak. You freeze the death yak.
You tail-slap the death yak, but do no damage.
The death yak is moderately wounded.
You block the death yak's attack.
You hit the death yak. You freeze the death yak.
You tail-slap the death yak, but do no damage.
The death yak is heavily wounded.
The death yak closely misses you.
You hit the death yak. You freeze the death yak.
The death yak is heavily wounded.
You slash the death yak! You freeze the death yak.
The death yak is heavily wounded.
The death yak barely misses you.
You hit the death yak. You freeze the death yak. You tail-slap the death yak.
The death yak is severely wounded.
The death yak gores you!!
* * * LOW HITPOINT WARNING * * *
You barely miss the death yak.
The death yak is severely wounded.
The death yak gores you!
* * * LOW HITPOINT WARNING * * *
You slash the death yak! You freeze the death yak. You tail-slap the death yak.
The death yak is almost dead.
You hit the death yak but do no damage.
The death yak is almost dead.
The death yak gores you!
You die...

### ### #..## #.######.# #...##
#........####.(..##### .#
##..###[##.#†...)........ .
.#.....#.#....##.....~~~~~~~ #.
##.##.##..##..###.)...≈#####≈
.##...#..##......##.....~#..)#~
....#.#.#...###..##....)~#.∩.#~
#..#.....#.##@##.#.....≈#...#≈ ##
##..#...#.#YY##.##.....~##)##~
.###.#..#....).#....#.....~~~~~~~
.##.#..#.>###..#..###............
#.#.##....###..#.)[#####..##.####
...#.#..#.#......#(# #.....# #
.#.#......###..#.).# #..#### #
.###...#.##.#.####[# #..# #
#......###....###..# #..# #


You could see a death yak and a yak.

Vanquished Creatures
  2 two-headed ogres
  Pikel (D:4)
  A hornet (D:8)
  3 spriggans (Bailey)
  9 yaks
  2 steam dragons
  Edmund (D:6)
  2 ice beasts
  4 black bears
  8 ogres
  2 centaurs
  A kobold brigand (D:9)
  3 bullfrogs
  3 scorpions
  19 wights
  4 killer bees (D:8)
  3 hounds
  2 orc priests
  A gnoll bouda (D:7)
  An iguana (D:5)
  8 orc wizards
  9 gnolls
  3 adders
  5 white imps
  An ufetubus (D:5)
  A worm (D:2)
  6 dart slugs
  19 orcs
  6 ball pythons
  14 endoplasms
  5 giant cockroaches
  8 hobgoblins
  4 jackals (D:4)
  3 quokkas
  6 bats
  3 frilled lizards
  11 goblins
  7 kobolds
  5 rats
196 creatures vanquished.

Notes
Turn   | Place    | Note
-------+----------+-------------------------------------------
     0 | D:1      | DasRunzen the Draconian Gladiator began the quest for the
                  | Orb.
     0 | D:1      | Reached XP level 1. HP: 17/17 MP: 1/1
   335 | D:1      | Reached XP level 2. HP: 7/25 MP: 0/2
  1191 | D:2      | Reached skill level 1 in Spellcasting
  1191 | D:2      | Reached XP level 3. HP: 30/30 MP: 4/4
  1309 | D:2      | Found Gunem's Antique Weapon Emporium.
  1323 | D:2      | Found Puntus's Assorted Antiques.
  1628 | D:2      | Reached skill level 3 in Fighting
  1794 | D:2      | Reached XP level 4. HP: 38/38 MP: 6/6
  2113 | D:3      | Found Woma's General Store.
  2367 | D:3      | Found a hazy altar of Hepliaklqana.
  2384 | D:3      | Found Amoafask's Weapon Emporium.
  3002 | D:4      | Found a glowing golden altar of the Shining One.
  3113 | D:4      | Noticed a lemure
  3114 | D:4      | Noticed a lemure
  3114 | D:4      | Noticed a lemure
  3115 | D:4      | Noticed Pikel
  3116 | D:4      | Noticed a lemure
  3289 | D:4      | Killed Pikel
  3290 | D:4      | Reached skill level 4 in Fighting
  3290 | D:4      | Reached XP level 5. HP: 46/47 MP: 5/9
  3290 | D:4      | Reached XP level 6. HP: 52/53 MP: 5/10
  3290 | D:4      | Your scales start taking on a pale cyan-grey colour.
  3290 | D:4      | Reached XP level 7. HP: 59/60 MP: 5/11
  3290 | D:4      | Gained mutation: You are immune to the effects of steam.
                  | [Pale Draconian growth]
  3732 | D:4      | Identified the +0 scale mail of Unambiguity {rC+++ Will-
                  | Str+6}
  3999 | D:5      | Entered Level 5 of the Dungeon
  4135 | D:5      | Found a burning altar of Makhleb.
  4178 | D:5      | Reached skill level 5 in Long Blades
  4287 | D:5      | Reached skill level 5 in Fighting
  4745 | D:6      | Identified the +1 leather armour of Fortitude {rN+++ Will-
                  | Str+3 Dex+3}
  4816 | D:6      | Reached skill level 5 in Dodging
  4913 | D:6      | Reached XP level 8. HP: 55/69 MP: 12/14
  5120 | D:6      | Reached skill level 6 in Fighting
  5262 | D:6      | Noticed Edmund
  5270 | D:6      | Killed Edmund
  5286 | D:6      | Found a staircase to the Ecumenical Temple.
  5295 | Temple   | Entered the Ecumenical Temple
  5597 | Temple   | Became a worshipper of Warmaster Okawaru
  5843 | D:6      | Found a radiant altar of Vehumet.
  6322 | D:7      | Reached skill level 1 in Invocations
  6484 | D:7      | Reached skill level 5 in Spellcasting
  6495 | D:7      | Reached XP level 9. HP: 78/78 MP: 16/16
  6499 | D:7      | Reached * piety under Okawaru
  6771 | D:7      | Reached skill level 7 in Fighting
  7235 | D:8      | Reached ** piety under Okawaru
  7340 | D:8      | Paralysed by a hornet for 2 turns
  7345 | D:8      | Paralysed by a hornet for 2 turns
  7475 | D:8      | Reached XP level 10. HP: 65/88 MP: 19/19
  7799 | D:8      | Reached skill level 8 in Fighting
  7859 | D:8      | Noticed a two-headed ogre
  7866 | D:8      | Killed a two-headed ogre
  7866 | D:8      | Reached *** piety under Okawaru
  7867 | D:8      | Reached skill level 5 in Invocations
  8308 | D:8      | Found a runed translucent door.
  8326 | D:8      | Noticed Emberiza's ghost (novice MiBe)
  8326 | D:8      | Noticed a manticore
  8608 | D:9      | Reached **** piety under Okawaru
  8615 | D:9      | Found a flagged portal.
  8658 | Bailey   | Entered a bailey
  9129 | Bailey   | Noticed a two-headed ogre
  9136 | Bailey   | Killed a two-headed ogre
  9136 | Bailey   | Reached ***** piety under Okawaru
  9137 | Bailey   | Reached skill level 9 in Fighting
  9290 | D:9      | Found a staircase to the Orcish Mines.
  9408 | D:9      | Noticed a death yak
  9409 | D:9      | Noticed a death yak
  9448 | D:9      | Slain by a death yak

Illustrated notes

Levels and vault maps discovered:
D:1:      lightli_arrival_statue_moat, layout_basic, hangedman_decor_push
D:2:      layout_basic, serial_shops, nicolae_square_shop,
          nicolae_shop_statue_plus, minmay_joined_circles
D:3:      layout_loops_ring, nicolae_overflow_hidden_temple, serial_shops,
          shop_statue, nicolae_shop_stone
D:4:      layout_loops_ring, tso_metal_star, chequers_hall_statues_wall_a,
          uniq_pikel
D:5:      layout_loops_ring, makhleb_heckhound_becter
D:6:      layout_basic, vehumet_crystals, temple_hall, uniq_edmund
D:7:      layout_loops_ring
D:8:      nicolae_BIG_FREAKIN_CUBE, layout_loops_ring, ebering_ghost_inner_flame
D:9:      layout_small_grid, dpeg_lair_monsters, erik_orc_3, enter_bailey_3,
          serial_shops, nicolae_stop_n_shop_1
Temple:   minmay_temple_bridge_d

Skill      XL: |  1  2  3  4  5  6  7  8  9 10 |
---------------+-------------------------------+-----
Dodging        | 3 4 5 6 7 |  7.8
Spellcasting   | 1 3 4 5 6 7 |  7.2
Fighting       | 3 4 5 6 7 9 |  9.0
Long Blades    | 4 5 6 7 8 |  8.5
Invocations    | 2 4 6 |  6.3
Throwing       | |  1.7

Action                   |  1- 3 |  4- 6 |  7- 9 | 10-12 || total
-------------------------+-------+-------+-------+-------++-------
Melee: Long sword        |   115 |    63 |   352 |   225 ||   755
       Tailslap          |    10 |     7 |    59 |    40 ||   116
       Unarmed           |       |    20 |       |       ||    20
       Punch             |       |       |     4 |     3 ||     7
       Scimitar          |       |       |    24 |       ||    24
Invok: Heroism           |       |       |       |     1 ||     1
  Use: Potion            |     1 |       |     4 |       ||     5
       Scroll            |       |     7 |     4 |     3 ||    14
 Stab: Sleeping          |     2 |     1 |     6 |       ||     9
Armor: Skin              |    34 |    24 |   149 |    62 ||   269
Dodge: Dodged            |    93 |    47 |   255 |   147 ||   542
Block: Other             |       |       |    79 |    49 ||   128
       Reflection        |       |       |       |     2 ||     2

Table legend: (Time is in decaauts)
 A = Elapsed time spent in this place.
 B = Non-inter-level travel time spent in this place.
 C = Inter-level travel time spent in this place.
 D = Time resting spent in this place.
 E = Time spent auto-exploring this place.
 F = Levels seen in this place.
 G = Mean time per level.
                   A        B        C        D        E       F      G
               +--------+--------+--------+--------+--------+-----+--------+
         Total |   9549 |   9191 |    358 |    683 |   6684 |  11 |  868.1 |
       Dungeon |   8626 |   8412 |    214 |    488 |   6328 |   9 |  958.4 |
        Temple |    373 |    229 |    144 |      0 |    215 |   1 |  373.0 |
        Bailey |    549 |    549 |      0 |    195 |    140 |   1 |  549.0 |
               +--------+--------+--------+--------+--------+-----+--------+

Top non-repeatable levels by time:
     D:8: 1284 daAuts
     D:1: 1170 daAuts
     D:7: 1089 daAuts
     D:6: 1030 daAuts
     D:3: 1007 daAuts
     D:2: 957 daAuts
     D:4: 913 daAuts
     D:5: 735 daAuts
  Bailey: 549 daAuts
     D:9: 438 daAuts
  Temple: 373 daAuts
